 Dungeon Crawl Stone Soup version 0.31-a0-1183-gd88bbb8b4d (webtiles) character file.

Game seed: 17524313112154563078

177 qw the Shooter (level 5, -14/32 HPs)
             Began as a Gargoyle Hunter on Dec 11, 2023.
             Demolished by an ogre
             ... wielding a +0 giant club
              (18 damage)
             ... on level 4 of the Dungeon.
             The game lasted 00:01:02 (2719 turns).

qw the Shooter (Gargoyle Hunter)                    Turns: 2719, Time: 00:01:03

Health: -14/32     AC: 11    Str: 19    XL:     5   Next: 57%
Magic:  5/5        EV: 11    Int:  8    God:
Gold:   119        SH:  0    Dex: 14    Spells: 4/4 levels left

rFire   . . .        a - +0 shortbow
rCold   . . .        (shield currently unavailable)
rNeg    + . .        h - +0 ring mail
rPois   inf          (no helmet)
rElec   +            (no cloak)
rCorr   .            g - +1 pair of gloves
SInv    .            (no boots)
Will    .....        (no amulet)
Stlth   +            (no ring)
HPRegen 0.25/turn    (no ring)
MPRegen 0.09/turn

%: no passive effects
@: about to teleport
A: sickness immunity, AC +4, negative energy resistance 1, electricity
resistance, torment resistance 1, petrification resistance, mutation resistance
1, strong 1, inability to drink after injury 1
a: no special abilities


You were on level 4 of the Dungeon.
You visited 1 branch of the dungeon, and saw 4 of its levels.

You collected 119 gold pieces.


Innate Abilities, Weirdness & Mutations

You are immune to sickness and miasma.
Your stone body is resilient. (AC +4)
You are immune to poison.
You resist negative energy. (rN+)
You are resistant to electric shocks. (rElec)
You are resistant to unholy torment.
You are immune to petrification.
You are somewhat resistant to further mutation.
Your muscles are strong. (Str +4, Int/Dex -1)
You occasionally lose the ability to drink potions when taking damage.


   Skills:
 + Level 3.3 Fighting
 - Level 6.0 Ranged Weapons
 - Level 1.4 Armour
 - Level 1.5 Dodging
 - Level 1.1 Stealth


You had 4 spell levels left.
You didn't know any spells.
Your spell library was empty.

Inventory:

Hand Weapons
 a - a +0 shortbow (weapon)
Armour
 g - a +1 pair of gloves (worn)
 h - a +0 ring mail (worn)
Scrolls
 b - 2 scrolls of teleportation

Dungeon Overview and Level Annotations

Branches:
Dungeon (4/15)
 Temple: D:4-7

Altars:
Hepliaklqana
Nemelex Xobeh
Wu Jian

Annotations:
D:3 1 runed translucent door, Crazy Yiuf


Message History

The kobold shouts!
An ogre comes into view. It is wielding a +0 giant club.
You shoot an arrow. The arrow closely misses the kobold.
You shoot an arrow. The arrow barely misses the kobold.
You shoot an arrow. The arrow barely misses the kobold.
You shoot an arrow. The arrow barely misses the kobold.
You shoot an arrow.
The arrow hits the kobold but does no damage.
The kobold misses you. The kobold hits you but does no damage.
The ogre barely misses you.
You shoot an arrow. The arrow barely misses the ogre.
The kobold hits you with a +0 whip.
You shoot an arrow.
The arrow hits the ogre but does no damage.
The ogre hits you with a +0 giant club!
Ouch! That really hurt!
The kobold hits you but does no damage.
You shoot an arrow. The arrow hits the ogre.
The ogre is lightly wounded.
The ogre misses you. The kobold barely misses you.
You shoot an arrow.
The arrow hits the ogre but does no damage.
The ogre is lightly wounded.
The kobold closely misses you. The ogre hits you with a +0 giant club!
2717 ||| READING 3 scrolls of teleportation.
As you read the scroll of teleportation, it crumbles to dust.
You feel strangely unstable. The kobold barely misses you.
2718 ||| DRINKING amethyst potion.
It was a potion of mutation.
You feel extremely strange.
You occasionally lose the ability to drink potions when taking damage.
You feel stronger.
You feel genetically stable. The ogre closely misses you.
The kobold closely misses you.
You shoot an arrow.
The arrow hits the ogre but does no damage.
The ogre is lightly wounded.
The kobold hits you with a +0 whip.
The ogre hits you with a +0 giant club!!
Ouch! That really hurt!
You die...

.. .). ....
....########
........#..##
..).......%<#
.##...O.#.#.#
.....?K@..#.#
.##..$..###.#
#####.# #.#
#.# #.# #.#
#.# #.. (.#
###


You could see an ogre and a kobold.

Vanquished Creatures
  10 gnolls
  An adder (D:2)
  A worm (D:2)
  A dart slug (D:1)
  10 endoplasms
  3 giant cockroaches
  10 goblins
  4 hobgoblins
  3 quokkas
  7 ball pythons
  4 bats
  2 frilled lizards
  7 kobolds
  4 rats
67 creatures vanquished.

Notes
Turn   | Place    | Note
-------+----------+-------------------------------------------
     0 | D:1      | qw the Gargoyle Hunter began the quest for the Orb.
     0 | D:1      | Reached XP level 1. HP: 12/12 MP: 1/1
     0 | D:1      | 0 ||| qw: Version: 0.3-a-106-g2cfff9e
     0 | D:1      | 0 ||| qw: Game counter: 2113
     0 | D:1      | 0 ||| qw: Melee chars always use a shield: true
     0 | D:1      | 0 ||| qw: God list: Okawaru
     0 | D:1      | 0 ||| qw: Allow faded altars: false
     0 | D:1      | 0 ||| qw: Do Orc after clearing Dungeon:15 true
     0 | D:1      | 0 ||| qw: Do second Lair branch before Depths: true
     0 | D:1      | 0 ||| qw: Lair rune preference: random
     0 | D:1      | 0 ||| qw: Goals: Normal, Save, Zot:1-4, Win
     0 | D:1      | 0 ||| PLANNING D:1-11
     4 | D:1      | 4 ||| DROPPING scroll of butterflies.
   235 | D:1      | Reached XP level 2. HP: 17/17 MP: 2/2
   748 | D:1      | 748 ||| UPGRADING to +1 pair of gloves.
   753 | D:1      | 753 ||| UPGRADING to +0 ring mail.
   763 | D:1      | 763 ||| DROPPING +0 leather armour.
   764 | D:1      | 764 ||| READING scroll labelled PYRIZA EGOCIKK.
   776 | D:1      | 776 ||| READING scroll labelled POLENL MOYRGH.
   777 | D:1      | 777 ||| READING scroll labelled GYS DYVUCRIPN.
   780 | D:1      | 780 ||| READING scroll labelled VANWEERAIS.
   804 | D:2      | HP: 3/17 [worm (8)]
   807 | D:2      | 807 ||| STAIRDANCE
   877 | D:2      | Reached skill level 1 in Armour
   877 | D:2      | Reached XP level 3. HP: 21/21 MP: 3/3
  1046 | D:2      | Reached skill level 5 in Ranged Weapons
  1369 | D:2      | Reached XP level 4. HP: 8/27 MP: 4/4
  1372 | D:2      | Reached skill level 3 in Fighting
  1376 | D:2      | 1376 ||| FLEEEEING.
  1377 | D:2      | 1377 ||| FLEEEEING.
  1378 | D:2      | 1378 ||| FLEEEEING.
  1379 | D:2      | 1379 ||| FLEEEEING.
  1380 | D:2      | 1380 ||| FLEEEEING.
  1381 | D:2      | 1381 ||| FLEEEEING.
  1382 | D:2      | 1382 ||| FLEEEEING.
  1383 | D:2      | 1383 ||| FLEEEEING.
  1384 | D:2      | 1384 ||| FLEEEEING.
  1385 | D:2      | 1385 ||| FLEEEEING.
  1386 | D:2      | 1386 ||| FLEEEEING.
  1387 | D:2      | 1387 ||| FLEEEEING.
  1388 | D:2      | 1388 ||| FLEEEEING.
  1390 | D:2      | 1390 ||| STAIRDANCE
  1451 | D:1      | 1451 ||| READING scroll labelled ABLOR FOTTYI.
  1958 | D:3      | Found an ornate altar of the Wu Jian Council.
  2005 | D:3      | Found a sparkling altar of Nemelex Xobeh.
  2030 | D:3      | Found a hazy altar of Hepliaklqana.
  2120 | D:3      | Found a runed translucent door.
  2121 | D:3      | Noticed Crazy Yiuf
  2195 | D:3      | Reached XP level 5. HP: 24/32 MP: 5/5
  2336 | D:3      | Reached skill level 6 in Ranged Weapons
  2672 | D:3      | 2672 ||| DROPPING ring of magical power.
  2673 | D:3      | 2673 ||| READING scroll of identify.
  2673 | D:3      | 2673 ||| IDENTIFYING smoky puce potion
  2674 | D:3      | 2674 ||| DROPPING potion of invisibility.
  2707 | D:4      | Noticed an ogre
  2716 | D:4      | HP: 4/32 [ogre/+0 giant club (10)]
  2717 | D:4      | 2717 ||| READING 3 scrolls of teleportation.
  2718 | D:4      | 2718 ||| DRINKING amethyst potion.
  2718 | D:4      | Gained mutation: You occasionally lose the ability to drink
                  | potions when taking damage. [potion of mutation]
  2718 | D:4      | Gained mutation: Your muscles are strong. (Str +4, Int/Dex
                  | -1) [potion of mutation]
  2718 | D:4      | Gained mutation: You are somewhat resistant to further
                  | mutation. [potion of mutation]
  2719 | D:4      | Demolished by an ogre

Levels and vault maps discovered:
D:1:      minmay_arrival_glassed_features, layout_basic, minmay_misc_feat_alley
D:2:      layout_basic
D:3:      layout_basic, mainiacjoe_overflow_concentric_impassable,
          old_standard_altar, nzn_wu_jian_contemplation, kennysheep_flooded_box,
          uniq_crazy_yiuf_cottage
D:4:      layout_basic, lemuel_crystal_altar, minmay_temple_entry_waves,
          serial_shops, shop, shop, shop, kennysheep_cross_bottleneck

Skill      XL: |  1  2  3  4  5 |
---------------+----------------+-----
Armour         | 1 |  1.4
Ranged Weapons | 5 6 |  6.0
Fighting       | 3 |  3.3
Dodging        | |  1.5
Stealth        | |  1.1

Action                     |  1- 3 |  4- 6 || total
---------------------------+-------+-------++-------
   Fire: Shortbow          |   101 |   119 ||   220
    Use: Scroll            |     4 |     3 ||     7
         Potion            |       |     1 ||     1
 Armour: Leather armour    |     9 |       ||     9
         Ring mail         |     8 |    43 ||    51
  Dodge: Dodged            |    30 |    42 ||    72

Table legend:
 A = Non-vault XP
 B = Vault XP
 C = Vault XP percentage of total XP
 D = Non-vault monster count
 E = Vault monster count
 F = Vault count percentage of total count
                 A         B        C        D         E       F
            +---------+---------+-------+---------+---------+-------
      Total |     254 |       0 |   0.0 |      67 |       0 |   0.0
            +---------+---------+-------+---------+---------+-------
        D:1 |      28 |       0 |   0.0 |      16 |       0 |   0.0
        D:2 |      88 |       0 |   0.0 |      21 |       0 |   0.0
        D:3 |     130 |       0 |   0.0 |      26 |       0 |   0.0
        D:4 |       8 |       0 |   0.0 |       4 |       0 |   0.0
            +---------+---------+-------+---------+---------+-------
